 Dungeon Crawl Stone Soup version 0.26.1-10-gdfb7c7de75 (webtiles) character file.

Game seed: 11960712086343984162

203 Eitelfritz the Shield-Bearer (level 5, -1/46 HPs)
             Began as a Hill Orc Fighter on Apr 5, 2021.
             Succumbed to an orc wizard's poison
             ... on level 3 of the Dungeon.
             The game lasted 00:05:27 (2136 turns).

Eitelfritz the Shield-Bearer (Hill Orc Fighter)     Turns: 2136, Time: 00:05:28

Health: -1/46      AC:  9    Str: 17 (20) XL:     5   Next: 81%
Magic:  5/5        EV:  7    Int:  3 (6)  God:
Gold:   159        SH:  9    Dex:  9 (10) Spells: 4/4 levels left

rFire    . . .     SeeInvis .   a - +0 long sword
rCold    + . .     Faith    .   c - +0 kite shield
rNeg     . . .     Spirit   .   b - +0 scale mail
rPois    .         Reflect  .   f - +2 hat
rElec    .         Harm     .   (no cloak)
rCorr    .         Rampage  .   (no gloves)
Will     +....                  (no boots)
Stlth    ..........             (no amulet)
HPRegen  0.15/turn              (no ring)
MPRegen  0.09/turn              (no ring)

@: mighty, brilliant, lethally poisoned (-1 -> -18), hasted and slowed
A: cold resistance 1, dopey 1, strong-willed 1
a: no special abilities


You were on level 3 of the Dungeon.
You visited 1 branch of the dungeon, and saw 3 of its levels.

You collected 159 gold pieces.

Inventory:

Hand Weapons
 a - a +0 long sword (weapon)
 r - a +0 mace of holy wrath
 s - a +0 flail
Missiles
 g - 30 stones (quivered)
Armour
 b - a +0 scale mail (worn)
 c - a +0 kite shield (worn)
 f - a +2 hat (worn)
Jewellery
 l - an uncursed amulet of magic regeneration {unknown}
 m - an uncursed ring of ice {unknown}
Scrolls
 h - 2 scrolls of magic mapping {unknown}
 j - 2 scrolls of remove curse {unknown}
 k - 6 scrolls of identify {unknown}
 n - a scroll of teleportation {unknown}
 p - a scroll of blinking {unknown}
Potions
 d - a potion of might


   Skills:
 + Level 4.0 Fighting
 + Level 3.9 Long Blades
 + Level 3.9 Armour
 + Level 1.0 Dodging
 + Level 5.0 Shields


You had 4 spell levels left.
You didn't know any spells.
Your spell library was empty.

Dungeon Overview and Level Annotations

Branches:
Dungeon (3/15)

Altars:


Innate Abilities, Weirdness & Mutations

Your flesh is cold resistant. (rC+)
You are dopey. (Int -2)
You are strong-willed. (Will+)


Message History

It was a potion of haste.
You feel yourself speed up.
* * * LOW HITPOINT WARNING * * *
You feel sick. You block the orc wizard's attack.
It was a potion of degeneration.
There was something very wrong with that liquid.
You feel weakened.
You feel dopey.
You feel clumsy.
* * * LOW HITPOINT WARNING * * *
You feel sick.
The orc wizard hits you but does no damage.
You are more poisoned.
It was a potion of mutation.
You feel extremely strange.
You feel resistant to cold.
You feel stupid.
You feel strong-willed.
* * * LOW HITPOINT WARNING * * *
You feel sick. The orc wizard barely misses you.
You slash the orc wizard!
You kill the orc wizard!
* * * LOW HITPOINT WARNING * * *
You feel sick.
Your Dodging skill increases to level 1!
You die...

#. #.##.##......... #
#.##.##.##.##......
#..##......###.##...### .
##..##..#.### #.##.#.# ..
..........# #.####.#
#.##..##....#####... ..
...............>... .
....##.#.#####.##
##.###@#.........
#.....############
#.##.............# ####
#.##.)...........#
...#.#######.##.............#
...#.........##.......^.....#
...# ######..##.............#
...########..##.............#
............................#


There were no monsters in sight!

Vanquished Creatures
  3 orc wizards (D:3)
  Robin (D:2)
  An adder (D:3)
  A worm (D:2)
  4 dart slugs
  6 orcs (D:3)
  8 giant cockroaches
  10 goblins
  9 hobgoblins
  8 jackals
  2 quokkas
  9 bats
  3 frilled lizards
  7 kobolds
  11 rats
83 creatures vanquished.

Notes
Turn   | Place    | Note
-------+----------+-------------------------------------------
     0 | D:1      | Eitelfritz the Hill Orc Fighter began the quest for the
                  | Orb.
     0 | D:1      | Reached XP level 1. HP: 19/19 MP: 1/1
   168 | D:1      | Reached XP level 2. HP: 18/27 MP: 2/2
   695 | D:1      | Reached XP level 3. HP: 33/33 MP: 3/3
  1425 | D:2      | Reached XP level 4. HP: 39/40 MP: 4/4
  1564 | D:2      | Noticed Robin
  1581 | D:2      | Killed Robin
  1625 | D:2      | Reached skill level 4 in Shields
  1850 | D:3      | Reached XP level 5. HP: 39/46 MP: 5/5
  2116 | D:3      | Reached skill level 5 in Shields
  2134 | D:3      | Gained mutation: Your flesh is cold resistant. (rC+)
                  | [potion of mutation]
  2134 | D:3      | Gained mutation: You are dopey. (Int -2) [potion of
                  | mutation]
  2134 | D:3      | Gained mutation: You are strong-willed. (Will+) [potion of
                  | mutation]
  2135 | D:3      | HP: 1/46 [poisoned by an orc wizard]
  2136 | D:3      | Reached skill level 1 in Dodging
  2136 | D:3      | Succumbed to an orc wizard's poison

Illustrated notes

Levels and vault maps discovered:
D:1:      giann_bridges, layout_basic, moated_statue, minmay_cupped
D:2:      layout_loops_ring, minmay_worlds_worst_comb, uniq_robin
D:3:      layout_basic, trog_eyes_of_draining, yredelemnul_altar_generic

Skill      XL: |  1  2  3  4  5 |
---------------+----------------+-----
Long Blades    | 3 |  3.9
Shields        | 4 5 |  5.0
Fighting       | 4 |  4.0
Dodging        | 1 |  1.0
Armour         | |  3.9

Action                   |  1- 3 |  4- 6 || total
-------------------------+-------+-------++-------
Melee: Long sword        |   136 |   116 ||   252
  Use: Potion            |       |     6 ||     6
Armor: Scale mail        |   105 |    67 ||   172
Dodge: Dodged            |    61 |    40 ||   101
Block: Kite shield       |    95 |    86 ||   181
       Rpst.: Long sword |    21 |    15 ||    36
